 Dungeon Crawl Stone Soup version 0.28.0-43-g3370ac3207 (webtiles) character file.

Game seed: 16073111772474339712

1239 Renzlar the Shield-Bearer (level 8, -4/67 HPs)
             Began as a Gnoll Fighter on Apr 1, 2022.
             Slain by Pikel
             ... wielding a +2 whip of freezing
              (7 damage)
             ... on level 5 of the Dungeon.
             The game lasted 00:15:34 (5031 turns).

Renzlar the Shield-Bearer (Gnoll Fighter)           Turns: 5031, Time: 00:15:35

Health: -4/67      AC: 16    Str: 17    XL:     8   Next: 49%
Magic:  12/12      EV: 10    Int: 10    God:
Gold:   129        SH:  6    Dex: 13    Spells: 13/13 levels left

rFire   . . .      SeeInvis .   a - +1 war axe
rCold   + . .      Faith    .   e - +0 buckler
rNeg    . . .      Spirit   .   b - +1 scale mail
rPois   .          Reflect  .   w - +1 helmet {Int+3}
rElec   .          Harm     .   s - +0 cloak
rCorr   .          Rampage  .   (no gloves)
Will    .....                   k - +2 pair of boots
Stlth   +.........              (no amulet)
HPRegen 0.21/turn               g - ring of protection from cold
MPRegen 0.13/turn               (no ring)

@: mighty
A: fangs 1, strong nose, distributed training
a: no special abilities


You were on level 5 of the Dungeon.
You visited 1 branch of the dungeon, and saw 5 of its levels.

You collected 129 gold pieces.

Inventory:

Hand Weapons
 a - a +1 war axe (weapon)
 c - a +0 hunting sling
 u - a +0 hand axe of flaming
Missiles
 f - 11 poisoned darts (quivered)
 h - 62 bolts
 l - 156 stones
 q - 4 javelins
 r - a throwing net
Armour
 b - a +1 scale mail (worn)
 e - a +0 buckler (worn)
 k - a +2 pair of boots (worn)
 s - a +0 cloak (worn)
 w - a +1 helmet of intelligence (worn)
Jewellery
 g - a ring of protection from cold (left hand)
Wands
 x - a wand of paralysis (3)
Scrolls
 j - a scroll of magic mapping
 v - a scroll of amnesia {unknown}
Potions
 i - a potion of curing
 m - a potion of haste {unknown}
 o - a potion of invisibility {unknown}
 p - a potion of cancellation {unknown}
 t - a potion of attraction {unknown}


   Skills:
 + Level 7.4 Fighting
 + Level 3.3 Short Blades
 + Level 3.3 Long Blades
 + Level 5.7 Axes
 + Level 3.3 Maces & Flails
 + Level 3.3 Polearms
 + Level 3.3 Staves
 + Level 3.3 Slings
 + Level 3.3 Bows
 + Level 3.3 Crossbows
 + Level 3.3 Throwing
 + Level 7.4 Armour
 + Level 3.3 Dodging
 + Level 3.3 Stealth
 + Level 7.4 Shields
 + Level 3.3 Unarmed Combat
 + Level 3.3 Spellcasting
 + Level 2.7 Conjurations
 + Level 2.7 Hexes
 + Level 2.7 Summonings
 + Level 2.7 Necromancy
 + Level 2.7 Translocations
 + Level 2.7 Transmutations
 + Level 2.7 Fire Magic
 + Level 2.7 Ice Magic
 + Level 2.7 Air Magic
 + Level 2.7 Earth Magic
 + Level 2.7 Poison Magic
 + Level 3.6 Invocations
 + Level 3.3 Evocations


You had 13 spell levels left.
You didn't know any spells.
Your spell library contained the following spells:

 Spells                   Type           Power      Damage    Failure   Level
 Sandblast                Erth           14%        2d6       32%         1
 Passwall                 Tmut/Erth      5%         N/A       45%         2
 Stone Arrow              Conj/Erth      14%        3d7       69%         3


Dungeon Overview and Level Annotations

Branches:
Dungeon (5/15)
 Temple: D:4-7

Altars:
Zin

Shops:
D:4 ?

Annotations:
D:5 Pikel


Innate Abilities, Weirdness & Mutations

You have very sharp teeth.
Your uncanny sense of smell can sniff out nearby items.
Your experience applies equally to all skills.


Message History

The floor, spattered with blood.
Unknown command.
You feel better. The iguana closely misses you. Pikel barely misses you.
You completely miss Pikel. You bite Pikel.
Pikel is moderately wounded.
You slash the iguana! The iguana bites you. Pikel misses you.
You closely miss Pikel.
Pikel is moderately wounded.
You hit the iguana but do no damage.
The iguana bites you but does no damage.
Pikel hits you with a +2 whip of freezing!
* * * LOW HITPOINT WARNING * * *
Pikel freezes you.
* * * LOW HITPOINT WARNING * * *
You slash Pikel!
Pikel is heavily wounded.
You slash the iguana!
You kill the iguana!
Pikel hits you with a +2 whip of freezing.
* * * LOW HITPOINT WARNING * * *
The centaur unwields a +0 shortbow.
You block the centaur's attack.
The centaur kicks you but does no damage.
You hit Pikel.
Pikel is heavily wounded.
You hit the centaur.
Pikel hits you with a +2 whip of freezing.
* * * LOW HITPOINT WARNING * * *
The centaur barely misses you.
The centaur kicks you but does no damage.
The centaur hits you but does no damage.
The centaur kicks you but does no damage.
Pikel hits you with a +2 whip of freezing.
* * * LOW HITPOINT WARNING * * *
Unknown command.
You closely miss Pikel.
Pikel is heavily wounded.
You hit the centaur. The centaur closely misses you.
You block the centaur's attack.
Pikel hits you with a +2 whip of freezing!
You die...

........#.........#####.###......
.(......#.†)....#...#....##.##...
#..#...##.......#.......###.(.##.
...##...#...........#...#...(....
... #..##.....##....##.....K.....
...##...#.##..........†##...##...
...#........#...##.....##......#.
.....#.....##c5..####......#
.#...##....)@K55.#.#.......#
∆###.......###o5.............
###.....#.....#............. .
##.#.....#..#..#............. ..#
#...........##o..##......#.#.
....#............oo.....##...###
................o........ ..##
...#......#.................#
##.#...##...[.......... .#


You could see Pikel, 4 lemures, a centaur and an orc.

Vanquished Creatures
  A hornet (D:4)
  A steam dragon (D:4)
  A water moccasin (D:5)
  A black bear (D:4)
  2 ogres (D:4)
  A phantom (D:4)
  A water moccasin skeleton (D:5)
  A howler monkey (D:4)
  An orc priest (D:5)
  A bullfrog skeleton (D:5)
  2 hounds (D:5)
  3 iguanas
  Natasha (D:2)
  A hound skeleton (D:5)
  5 adders
  A worm (D:3)
  3 dart slugs
  13 orcs
  3 ball pythons
  7 bats
  10 endoplasms
  2 giant cockroaches
  2 hobgoblins (D:3)
  2 jackals (D:4)
  3 quokkas
  3 frilled lizards
  12 goblins
  9 kobolds
  3 rats
96 creatures vanquished.

Notes
Turn   | Place    | Note
-------+----------+-------------------------------------------
     0 | D:1      | Renzlar the Gnoll Fighter began the quest for the Orb.
     0 | D:1      | Reached XP level 1. HP: 23/23 MP: 1/1
   211 | D:1      | Reached XP level 2. HP: 20/29 MP: 2/2
   699 | D:2      | Reached XP level 3. HP: 26/35 MP: 3/3
   811 | D:2      | Found a faded altar of an unknown god.
   989 | D:2      | Noticed Natasha
   998 | D:2      | Killed Natasha
   999 | D:2      | Reached skill level 1 in Short Blades
   999 | D:2      | Reached skill level 1 in Long Blades
   999 | D:2      | Reached skill level 1 in Maces & Flails
   999 | D:2      | Reached skill level 1 in Polearms
   999 | D:2      | Reached skill level 1 in Staves
   999 | D:2      | Reached skill level 1 in Slings
   999 | D:2      | Reached skill level 1 in Bows
   999 | D:2      | Reached skill level 1 in Crossbows
   999 | D:2      | Reached skill level 1 in Throwing
   999 | D:2      | Reached skill level 1 in Dodging
   999 | D:2      | Reached skill level 1 in Stealth
   999 | D:2      | Reached skill level 1 in Unarmed Combat
   999 | D:2      | Reached skill level 1 in Spellcasting
   999 | D:2      | Reached skill level 1 in Invocations
   999 | D:2      | Reached skill level 1 in Evocations
   999 | D:2      | Reached XP level 4. HP: 16/41 MP: 5/5
  2127 | D:3      | Reached skill level 1 in Conjurations
  2127 | D:3      | Reached skill level 1 in Hexes
  2127 | D:3      | Reached skill level 1 in Summonings
  2127 | D:3      | Reached skill level 1 in Necromancy
  2127 | D:3      | Reached skill level 1 in Translocations
  2127 | D:3      | Reached skill level 1 in Transmutations
  2127 | D:3      | Reached skill level 1 in Fire Magic
  2127 | D:3      | Reached skill level 1 in Ice Magic
  2127 | D:3      | Reached skill level 1 in Air Magic
  2127 | D:3      | Reached skill level 1 in Earth Magic
  2127 | D:3      | Reached skill level 1 in Poison Magic
  2765 | D:4      | Noticed a hornet
  2771 | D:4      | Paralysed by a hornet for 2 turns
  2777 | D:4      | Killed a hornet
  2778 | D:4      | Reached skill level 5 in Axes
  2778 | D:4      | Reached XP level 5. HP: 29/47 MP: 5/8
  2778 | D:4      | Reached XP level 6. HP: 33/53 MP: 5/9
  3044 | D:4      | Noticed a steam dragon
  3063 | D:4      | Killed a steam dragon
  3064 | D:4      | Reached XP level 7. HP: 32/60 MP: 10/10
  3865 | D:4      | Found Sorrirek's Magic Scroll Shop.
  3942 | D:4      | Found a glowing silver altar of Zin.
  4415 | D:5      | Entered Level 5 of the Dungeon
  4541 | D:4      | Reached XP level 8. HP: 24/67 MP: 12/12
  4886 | D:5      | Identified the +0 robe of Birdsong {rC+ Dex+4}
  5001 | D:5      | Noticed Pikel
  5030 | D:5      | HP: 2/67 [Pikel/+2 whip of freezing (6)]
  5031 | D:5      | Slain by Pikel

Illustrated notes

Levels and vault maps discovered:
D:1:      heliophobic_arrival_ceremonial_halls, layout_basic
D:2:      layout_basic, basic_ecumenical_altar, uniq_natasha
D:3:      layout_basic
D:4:      layout_layer_cave, overflow_temple_1_default, serial_shops,
          nicolae_shop_behind_doors, minmay_ogre_servants
D:5:      layout_cave_pools, uniq_pikel

Skill      XL: |  1  2  3  4  5  6  7  8 |
---------------+-------------------------+-----
Short Blades   | 1 2 3 |  3.3
Long Blades    | 1 2 3 |  3.3
Maces & Flails | 1 2 3 |  3.3
Polearms       | 1 2 3 |  3.3
Staves         | 1 2 3 |  3.3
Slings         | 1 2 3 |  3.3
Bows           | 1 2 3 |  3.3
Crossbows      | 1 2 3 |  3.3
Throwing       | 1 2 3 |  3.3
Dodging        | 1 2 3 |  3.3
Stealth        | 1 2 3 |  3.3
Unarmed Combat | 1 2 3 |  3.3
Spellcasting   | 1 2 3 |  3.3
Invocations    | 1 2 3 |  3.6
Evocations     | 1 2 3 |  3.3
Conjurations   | 1 2 |  2.7
Hexes          | 1 2 |  2.7
Summonings     | 1 2 |  2.7
Necromancy     | 1 2 |  2.7
Translocations | 1 2 |  2.7
Transmutations | 1 2 |  2.7
Fire Magic     | 1 2 |  2.7
Ice Magic      | 1 2 |  2.7
Air Magic      | 1 2 |  2.7
Earth Magic    | 1 2 |  2.7
Poison Magic   | 1 2 |  2.7
Axes           | 5 |  5.7
Fighting       | 7 |  7.4
Armour         | 7 |  7.4
Shields        | 7 |  7.4

Action                   |  1- 3 |  4- 6 |  7- 9 || total
-------------------------+-------+-------+-------++-------
Melee: War axe           |    64 |   115 |    92 ||   271
       Bite              |     7 |    13 |     9 ||    29
 Fire: Hunting sling     |       |       |    63 ||    63
Throw: Stone             |       |    15 |       ||    15
       Dart              |       |     3 |       ||     3
       Throwing net      |       |     1 |       ||     1
Evoke: Wand              |       |       |     1 ||     1
  Use: Scroll            |     4 |     2 |     4 ||    10
       Potion            |       |     3 |     3 ||     6
 Stab: Paralysed         |       |       |     3 ||     3
Armor: Scale mail        |    24 |    44 |    69 ||   137
       Skin              |       |     6 |       ||     6
Dodge: Dodged            |    28 |    47 |    59 ||   134
Block: Buckler           |    22 |    40 |    43 ||   105
